Map: Blackpink LE

Players

Zhuderkov

  • Race: Terran Terran
  • League: Diamond
  • Spawn Location: 7:00

PiG - Winner!

  • Race: Protoss Protoss
  • League: Gold
  • Spawn Location: 1:00

VOD

Have the link to the VOD?

Description

Time

  • Played on: Jan. 24, 2018, 6:38 p.m.
  • Length: 5:06
Show
View Real Time Build Order
Export as new Build Order

Zhuderkov Terran 

Build Orders: Cyclone Opening 

Get SALT Encoding   

  12  0:01  SCV  
  13  0:13  SCV  
  14  0:18  Supply Depot  
  14  0:27  Refinery  
  14  0:28  SCV  
  15  0:41  Barracks  
  15  0:44  SCV  
  16  0:57  SCV  
  17  0:58  Refinery  
  17  1:09  SCV  
  17  1:21  SCV  
  18  1:29  Supply Depot  
  18  1:35  Orbital Command  
  18  1:36  Barracks Reactor  
  17  1:52  Factory  
  17  2:01  SCV  
  18  2:12  Marine x2  
  18  2:13  SCV  
  21  2:25  SCV  
  22  2:37  SCV  
  22  2:43  Cyclone  
  22  2:44  Cyclone  
  29  2:49  SCV  
  29  2:51  Barracks Tech Lab  
  30  2:56  Starport  
  30  3:01  SCV  
  31  3:07  Supply Depot  
  29  3:15  SCV  
  30  3:29  Hellion x2  
  30  3:33  SCV  
  35  3:41  Viking  
  37  3:49  SCV, Barracks Reactor  
  38  4:03  SCV  
  38  4:06  Supply Depot  
  38  4:07  Supply Depot  
  38  4:08  Engineering Bay  
  37  4:12  Cyclone  
  34  4:26  Marine  
  34  4:27  Marine  
  36  4:33  SCV  
  40  4:46  Marine x2  
  40  4:50  SCV  
Show
View Real Time Build Order
Export as new Build Order

PiG Protoss - Winner!

Build Orders:  

Get SALT Encoding   

  12  0:01  Probe  
  13  0:13  Probe  
  14  0:20  Pylon  
  14  0:25  Probe  
  15  0:38  Probe (Chrono Boost)  
  16  0:44  Gateway  
  16  0:47  Probe (Chrono Boost)  
  16  0:49  Assimilator  
  17  0:53  Assimilator  
  17  0:59  Probe  
  18  1:11  Probe  
  19  1:23  Probe  
  20  1:32  Cybernetics Core  
  20  1:35  Probe  
  21  1:47  Probe  
  22  1:56  Pylon  
  22  2:02  Probe  
  23  2:09  Warp Gate  
  23  2:14  Stalker (Chrono Boost)  
  25  2:17  Stargate  
  25  2:22  Probe  
  26  2:29  Gateway  
  26  2:31  Pylon  
  26  2:34  Stalker (Chrono Boost)  
  28  2:53  Gateway  
  28  2:58  Pylon  
  28  2:59  Void Ray (Chrono Boost)  
  32  3:08  Probe  
  33  3:20  Probe  
  33  3:24  Stalker  
  33  3:25  Stalker  
  38  3:44  Void Ray (Chrono Boost)  
  42  3:57  Pylon  
  42  4:16  Shield Battery  
  42  4:17  Shield Battery  
  42  4:20  Stalker  
  44  4:24  Void Ray (Chrono Boost)  
  44  4:29  Shield Battery  
  48  4:32  Stalker  
  50  4:41  Stalker  
Tags
 
Matchup
PvT
Player
PiG
Spawn Locations
Cross Positions
Add a new tag
Caveats
  • Supply blocks, unpowered buildings, or Contaminate may cause inaccurate times.
  • Supply counts are checked every 10 seconds.